 Dungeon Crawl Stone Soup version 0.30-a0-930-gb9d0489357 (webtiles) character file.

Game seed: 7270389254663491813

24 QwertyIsDirtey the Ruffian (level 2, -9/28 HPs)
             Began as a Troll Gladiator on Mar 23, 2023.
             Killed from afar by Grinder (16 damage)
             ... with a bolt of light
             ... on level 3 of the Dungeon.
             The game lasted 00:06:00 (1044 turns).

QwertyIsDirtey the Ruffian (Troll Gladiator)        Turns: 1044, Time: 00:06:08

Health: -9/28      AC:  4    Str: 21    XL:     2   Next: 79%
Magic:  1/1        EV: 10    Int:  4    God:
Gold:   28         SH:  0    Dex: 11    Spells: 1/1 levels left

rFire   . . .      SeeInvis .    f - +0 hand axe
rCold   . . .      Faith    .    (no shield)
rNeg    . . .      Spirit   .    a - +0 robe
rPois   .          Reflect  .    b - +0 hat
rElec   .          Rampage  .    (no cloak)
rCorr   .                        (gloves unavailable)
Will    .....                    (boots unavailable)
Stlth   +                        (no amulet)
HPRegen 1.04/turn                (no ring)
MPRegen 0.07/turn                (no ring)

@: confused, slowed, very slow
A: large, unfitting armour, claws 3, regeneration 1, shaggy fur 1, tough skin 1
a: no special abilities


You were on level 3 of the Dungeon.
You visited 1 branch of the dungeon, and saw 3 of its levels.

You collected 28 gold pieces.

Inventory:

Hand Weapons
 f - a +0 hand axe (weapon)
 g - a +0 club
 h - a +0 dagger
 l - a +0 whip
 o - a +0 mace
 q - a +0 club
 r - a +0 club
Missiles
 c - 3 throwing nets (quivered)
 d - a large rock
 i - 2 poisoned darts
Armour
 a - a +0 robe (worn)
 b - a +0 hat (worn)
 p - a +0 robe
Jewellery
 m - a +6 ring of dexterity
Potions
 e - a potion of haste {unknown}
 j - a potion of curing {unknown}
 k - a potion of lignification {unknown}
 n - a potion of berserk rage {unknown}
 s - a potion of might {unknown}


   Skills:
 + Level 1.7 Fighting
 + Level 1.9 Throwing
 + Level 2.7 Dodging
 + Level 3.5 Unarmed Combat


You had one spell level left.
You didn't know any spells.
Your spell library was empty.

Dungeon Overview and Level Annotations

Branches:
Dungeon (3/15)

Altars:

Annotations:
D:3 Grinder, Natasha


Innate Abilities, Weirdness & Mutations

You are too large for most types of armour.
You have claws for hands.
Your natural rate of healing is unusually fast.
You are covered in fur. (AC +1)
You have tough skin. (AC +1)


Message History

You hit the frilled lizard.
You kill the frilled lizard!
You see here a frilled lizard corpse.
Grinder comes into view.
She is carrying a wand of light (8).
Grinder shouts!
You hear an angry hiss.
Natasha, Servant of Life and Death comes into view.
Found a hand axe and a cyan potion.
Natasha hisses angrily.
Natasha mumbles some strange words.
The crimson imp shouts!
Grinder blinks!
The crimson imp blinks!
Natasha casts a spell at you.
You feel yourself slow down.
Found a stone staircase leading down.
You barely miss Natasha. Natasha claws you but does no damage.
Natasha claws you.
You hit Natasha.
Natasha is lightly wounded.
Natasha casts a spell.
Natasha claws you!
You hit Natasha.
Natasha is lightly wounded.
Natasha claws you. Grinder hits you.
You writhe in agony.
* * * LOW HITPOINT WARNING * * *
Natasha closely misses you.
You hit Natasha but do no damage.
Natasha is lightly wounded.
You hit the crimson imp. You hit Grinder but do no damage.
Grinder barely misses you. Natasha barely misses you.
The crimson imp closely misses you. Grinder closely misses you.
Natasha claws you.
* * * LOW HITPOINT WARNING * * *
The crimson imp hits you but does no damage.
The crimson imp attacks as you move away!
The crimson imp hits you but does no damage.
Grinder attacks as you move away! Grinder hits you but does no damage.
Grinder zaps a wand.
The bolt of light hits you!
You are confused.
Ouch! That really hurt!
You die...

##.##
..#####.#
........###
..##......# .
#.##.#.# ..>
#....#.#
....##.##.# #
......5##.#.#
#..)h.@...#
####5######
#5. #...
..... .##...
. ##.. ###


You could see Grinder, Natasha, a crimson imp (summoned) and a white imp
(summoned).

Vanquished Creatures
  2 ball pythons (D:1)
  2 bats (D:1)
  An endoplasm (D:1)
  A giant cockroach (D:2)
  3 goblins
  3 hobgoblins
  2 quokkas
  2 frilled lizards
  A kobold (D:1)
  5 rats (D:1)
  A spectral goblin (D:1)
23 creatures vanquished.

Notes
Turn   | Place    | Note
-------+----------+-------------------------------------------
     0 | D:1      | QwertyIsDirtey the Troll Gladiator began the quest for the
                  | Orb.
     0 | D:1      | Reached XP level 1. HP: 19/19 MP: 0/0
   221 | D:1      | Reached XP level 2. HP: 26/27 MP: 1/1
   337 | D:1      | Found a faded altar of an unknown god.
  1033 | D:3      | Noticed Grinder
  1036 | D:3      | Noticed Natasha
  1037 | D:3      | Noticed a crimson imp
  1044 | D:3      | Killed from afar by Grinder

Illustrated notes

Levels and vault maps discovered:
D:1:      minmay_arrival_nine_rooms, layout_basic,
          dreamdust_ecumenical_altar_drowned_temple, kennysheep_another_room
D:2:      layout_basic
D:3:      cheibrodos_greedy_goblins, layout_loops_cross,
          cheibrodos_sewer_entry_bend, uniq_robin, uniq_natasha, uniq_jessica,
          uniq_grinder

Action                     || total
---------------------------++-------
  Melee: Unarmed           ||    45
         Punch             ||     2
         Hand axe          ||    24
 Armour: Robe              ||    35
  Dodge: Dodged            ||    39

Table legend: (Time is in decaauts)
 A = Elapsed time spent in this place.
 B = Non-inter-level travel time spent in this place.
 C = Inter-level travel time spent in this place.
 D = Time resting spent in this place.
 E = Time spent auto-exploring this place.
 F = Levels seen in this place.
 G = Mean time per level.
                   A        B        C        D        E       F      G
               +--------+--------+--------+--------+--------+-----+--------+
         Total |   1050 |   1050 |      0 |      0 |      0 |   3 |  350.0 |
       Dungeon |   1050 |   1050 |      0 |      0 |      0 |   3 |  350.0 |
               +--------+--------+--------+--------+--------+-----+--------+

Top non-repeatable levels by time:
     D:1: 818 daAuts
     D:2: 185 daAuts
     D:3: 46 daAuts
